 Dungeon Crawl Stone Soup version 0.26-a0-753-g4680b4fa2e (webtiles) character file.

Game seed: 5984251103401924690

177 Descartes the Skirmisher (level 5, 0/43 HPs)
             Began as a Formicid Chaos Knight on Nov 7, 2020.
             Was a Plaything of Xom.
             Slain by a gnoll
             ... wielding a +0 whip
              (7 damage)
             ... on level 3 of the Dungeon.
             The game lasted 00:03:48 (2430 turns).

Descartes the Skirmisher (Formicid Chaos Knight)    Turns: 2430, Time: 00:03:49

Health: 0/43       AC:  5    Str: 17    XL:     5   Next: 87%
Magic:  5/5        EV: 11    Int: 12    God:    Xom [..*...]
Gold:   108        SH:  5    Dex: 10    Spells: 4/4 levels left

rFire    . . .     SeeInvis +   a - +0 falchion (chaos)
rCold    . . .     Faith    .   q - +2 buckler
rNeg     . . .     Spirit   .   b - +2 leather armour
rPois    .         Reflect  .   (helmet unavailable)
rElec    .         Harm     .   (no cloak)
rCorr    .         Rampage  .   (no gloves)
MR       .....                  (no boots)
Stlth    +.........             (no amulet)
HPRegen  0.14/turn              (no ring)
MPRegen  0.09/turn              (no ring)

@: no status effects
A: permanent stasis, dig shafts and tunnels, four strong arms, antennae 3
a: Dig, Shaft Self, Renounce Religion


You were on level 3 of the Dungeon.
You worshipped Xom.
You were a toy of Xom.
You visited 1 branch of the dungeon, and saw 3 of its levels.

You collected 108 gold pieces.

Inventory:

Hand Weapons
 a - a +0 falchion of chaos (weapon)
Missiles
 c - 39 stones (quivered)
Armour
 b - a +2 leather armour (worn)
 q - a +2 buckler (worn)
Scrolls
 e - 2 scrolls of amnesia {unknown}
 k - 3 scrolls of enchant weapon {unknown}
 m - 2 scrolls of random uselessness {unknown}
 n - a scroll of noise {unknown}
 p - 2 scrolls of remove curse {unknown}
Potions
 d - 2 potions of berserk rage {unknown}
 f - 2 potions of lignification {unknown}
 g - a potion of brilliance {unknown}
 h - a potion of experience {unknown}
 i - 4 potions of curing {unknown}
 j - 2 potions of invisibility {unknown}
 l - a potion of degeneration {unknown}
 o - a potion of resistance {unknown}


   Skills:
 + Level 4.6 Fighting
 - Level 3.0 Long Blades
 + Level 3.9 Armour
 + Level 2.7 Dodging
 * Level 0.3 Shields


You had 4 spell levels left.
You didn't know any spells.
Your spell library was empty.

Dungeon Overview and Level Annotations

Branches:
Dungeon (3/15)

Altars:


Innate Abilities, Weirdness & Mutations

You cannot be hasted, slowed, berserked, paralysed or teleported.
You can dig through walls and to a lower floor.
Your four strong arms can wield two-handed weapons with a shield.
You have a pair of large antennae on your head. (SInv)


Message History

The gnoll is lightly wounded.
The gnoll barely misses you. The gnoll hits you with a +0 flail.
The gnoll hits you with a +0 whip.
* * * LOW HITPOINT WARNING * * *
You closely miss the gnoll.
The gnoll is lightly wounded.
The gnoll hits you with a +0 whip.
* * * LOW HITPOINT WARNING * * *
The gnoll closely misses you.
You riposte.
You barely miss the gnoll.
The gnoll is moderately wounded.
Your shield and leather armour prevent you from hitting the gnoll.
The gnoll is lightly wounded.
The gnoll closely misses you.
You riposte.
You hit the gnoll. You freeze the gnoll.
The gnoll is moderately wounded.
You block the gnoll's attack. x2
You hit the gnoll. You burn the gnoll.
The gnoll is heavily wounded.
The gnoll hits you with a +0 whip!
You die...

###.####.# .........#
###.#####. # #.#### #
#....# #
#....########## #
#....##.......# #
#....##.####.######...
#
#....##.####..@g.....#
#
#.............g#######
####.............#
...#.............#
[..###...........#
...# #############
...# ...# ####


You could see 2 gnolls.

Vanquished Creatures
  A gnoll (D:3)
  6 adders (D:2)
  An ooze (D:2)
  3 worms (D:2)
  2 leopard geckos (D:2)
  9 bats
  3 giant cockroaches
  7 goblins
  4 hobgoblins (D:1)
  3 jackals (D:1)
  10 kobolds
  3 ball pythons
  3 frilled lizards
  6 rats
61 creatures vanquished.

Vanquished Creatures (collateral kills)
  An iguana (D:3)
  Terence (D:2)
  An adder (D:3)
3 creatures vanquished.

Grand Total: 64 creatures vanquished

Notes
Turn   | Place    | Note
-------+----------+-------------------------------------------
     0 | D:1      | Descartes the Formicid Chaos Knight began the quest for the
                  | Orb.
     0 | D:1      | Reached XP level 1. HP: 18/18 MP: 1/1
   132 | D:1      | Reached skill level 1 in Dodging
   205 | D:1      | Reached XP level 2. HP: 21/24 MP: 2/2
   450 | D:1      | Reached XP level 3. HP: 30/30 MP: 3/3
   787 | D:1      | XOM: noise
   968 | D:2      | Noticed Terence
   974 | D:2      | XOM: divination: detect creatures
   980 | D:2      | XOM: cast spell 'Summon Ice Beast'
   988 | D:2      | Reached skill level 4 in Fighting
   990 | D:2      | Killed Terence
   990 | D:2      | Reached XP level 4. HP: 25/37 MP: 4/4
  1116 | D:2      | XOM: silly message
  1279 | D:2      | XOM: silly message
  1316 | D:2      | Reached XP level 5. HP: 42/42 MP: 5/5
  1394 | D:2      | XOM: divination: detect creatures
  1721 | D:2      | XOM: cloud trail
  2166 | D:3      | XOM: cast spell 'Summon Mana Viper'
  2243 | D:3      | XOM: silly message
  2430 | D:3      | Slain by a gnoll

Illustrated notes

Levels and vault maps discovered:
D:1:      nzn_arrival_water_spiral, layout_basic, serial_park_tiny_pond
D:2:      layout_basic, minmay_misc_feat_plants, uniq_terence
D:3:      layout_basic, nemelex_altar_shiori, kennysheep_slug_shrine

Skill      XL: |  1  2  3 |
---------------+----------+-----
Dodging        | 1 2 |  2.7
Armour         | 3 |  3.9
Fighting       | 4 |  4.6
Long Blades    | |  3.0
Shields        | |  0.3

Action                   |  1- 3 |  4- 6 || total
-------------------------+-------+-------++-------
Melee: Falchion          |    80 |    99 ||   179
Armor: Leather armour    |    49 |    38 ||    87
Dodge: Dodged            |    72 |    65 ||   137
Block: Buckler           |       |     4 ||     4
       Rpst.: Falchion   |    20 |    23 ||    43

Table legend: (Time is in decaauts)
 A = Elapsed time spent in this place.
 B = Non-inter-level travel time spent in this place.
 C = Inter-level travel time spent in this place.
 D = Time resting spent in this place.
 E = Time spent auto-exploring this place.
 F = Levels seen in this place.
 G = Mean time per level.
                   A        B        C        D        E       F      G
               +--------+--------+--------+--------+--------+-----+--------+
         Total |   2456 |   2415 |     41 |      0 |   1990 |   3 |  818.7 |
       Dungeon |   2456 |   2415 |     41 |      0 |   1990 |   3 |  818.7 |
               +--------+--------+--------+--------+--------+-----+--------+

Top non-repeatable levels by time:
     D:2: 1182 daAuts
     D:1: 971 daAuts
     D:3: 301 daAuts
